Map: 드림캐처 - 래더

Players

LiquidTLO (TLO)

  • Race: Zerg Zerg
  • League: Grandmaster
  • Spawn Location: 5:00

Bunny - Winner!

  • Race: Terran Terran
  • League: Diamond
  • Spawn Location: 11:00

Event: HomeStory Cup XVII

VOD

Have the link to the VOD?

Description

Time

  • Played on: June 28, 2018, 7:28 p.m.
  • Length: 16:26

All games in this series

Show
View Real Time Build Order
Export as new Build Order

LiquidTLO Zerg 

Build Orders: Pool First, Muta Ling Bane 

Get SALT Encoding   

  12  0:00  Drone  
  13  0:09  Drone  
  14  0:16  Overlord  
  14  0:35  Drone x2  
  16  0:41  Spawning Pool  
  15  0:44  Drone  
  15  0:48  Drone  
  17  0:58  Drone  
  18  1:13  Hatchery  
  18  1:16  Drone  
  18  1:22  Extractor  
  17  1:27  Queen  
  17  1:31  Zergling x2  
  20  1:34  Drone  
  20  1:39  Overlord  
  22  1:54  Drone  
  22  2:01  Drone  
  22  2:03  Queen  
  25  2:12  Drone  
  26  2:22  Metabolic Boost  
  26  2:25  Queen  
  26  2:26  Drone  
  26  2:27  Drone  
  30  2:34  Drone  
  30  2:36  Drone  
  32  2:38  Overlord  
  32  2:39  Drone  
  32  2:41  Drone  
  34  2:46  Drone  
  34  2:47  Drone  
  35  3:01  Hatchery  
  35  3:04  Drone  
  35  3:05  Drone  
  36  3:10  Drone  
  36  3:12  Queen  
  39  3:15  Drone  
  39  3:16  Drone  
  41  3:21  Overlord  
  41  3:23  Zergling x2  
  41  3:24  Zergling x2  
  43  3:27  Zergling x2  
  44  3:35  Overlord  
  44  3:37  Overlord  
  44  3:40  Drone x2  
  46  3:46  Zergling x4  
  46  3:47  Drone x3  
  51  3:50  Drone  
  51  3:54  Queen  
  54  3:56  Drone  
  54  3:59  Queen  
  54  4:00  Drone  
  57  4:10  Evolution Chamber  
  57  4:11  Zergling x4  
  57  4:12  Baneling Nest, Drone  
  57  4:14  Drone  
  57  4:15  Drone  
  60  4:18  Drone x2  
  60  4:19  Drone  
  60  4:23  Drone, Extractor  
  63  4:27  Drone x2  
  65  4:31  Drone  
  65  4:35  Spore Crawler, Drone  
  65  4:36  Drone x3  
  69  4:39  Spore Crawler  
  69  4:43  Drone  
  69  4:46  Overlord, Drone  
  69  4:49  Overlord  
  69  4:51  Evolution Chamber  
  70  4:52  Zergling x2  
  70  4:57  Spine Crawler  
  70  4:58  Zerg Ground Armor Level 1  
  69  5:00  Zergling x2  
  69  5:04  Drone  
  69  5:05  Zergling x2  
  69  5:06  Zergling x2  
  73  5:07  Zergling x4  
  73  5:08  Zergling x2  
  73  5:10  Zergling x2  
  73  5:11  Drone x2  
  73  5:12  Drone  
  79  5:14  Drone  
  79  5:17  Drone x2  
  79  5:18  Drone  
  79  5:20  Zerg Melee Weapons Level 1  
  82  5:22  Drone  
  82  5:23  Drone  
  82  5:25  Drone  
  85  5:30  Lair  
  85  5:31  Extractor  
  85  5:32  Drone  
  85  5:34  Extractor  
  84  5:35  Extractor  
  84  5:36  Extractor  
  84  5:37  Spore Crawler, Drone  
  84  5:38  Drone x2  
  84  5:40  Drone  
  84  5:41  Drone  
  86  5:44  Drone  
  86  5:47  Drone  
  88  5:50  Drone  
  89  6:01  Zergling x4  
  89  6:02  Zergling x4  
  88  6:07  Overlord  
  88  6:08  Overlord  
  88  6:10  Overlord  
  88  6:11  Overlord x2, Zergling x2  
  83  6:14  Overlord  
  83  6:15  Zergling x2  
  83  6:16  Zergling x2, Hatchery  
  82  6:18  Zergling x2  
  82  6:20  Zergling x2  
  82  6:22  Zergling x2  
  82  6:23  Hatchery  
  82  6:25  Drone  
  85  6:27  Baneling x5  
  85  6:29  Centrifical Hooks  
  85  6:31  Zergling x2  
  86  6:34  Zergling x4  
  86  6:37  Zergling x2  
  86  6:38  Zergling x4  
  86  6:39  Zergling x4  
  93  6:40  Zergling x2  
  93  6:42  Zergling x2  
  95  6:47  Spire, Drone  
  95  6:49  Baneling, Zergling x2  
  95  6:50  Baneling  
  95  6:53  Zergling x2  
  97  6:56  Overlord  
  97  6:57  Overlord  
  97  6:59  Overlord  
  97  7:00  Zergling x2  
  97  7:01  Zergling x2  
  97  7:03  Zergling x2  
  97  7:04  Zergling x4  
  97  7:05  Zergling x4  
  97  7:07  Overlord  
  99  7:11  Drone  
  99  7:13  Drone x2  
  102  7:18  Zergling x2  
  103  7:23  Overlord, Zergling x2  
  103  7:25  Zerg Ground Armor Level 2, Zerg Melee Weapons Level 2  
  103  7:27  Zergling x4  
  103  7:28  Drone x2  
  103  7:29  Zergling x2  
  109  7:38  Drone  
  110  7:44  Zergling x2  
  110  7:45  Zergling x4  
  110  7:50  Overlord  
  113  7:54  Overlord  
  110  8:00  Mutalisk x10  
  110  8:03  Zergling x4  
  128  8:07  Zergling x2  
  128  8:09  Zergling x4  
  128  8:10  Zergling x2  
  128  8:11  Zergling x4  
  119  8:15  Queen  
  119  8:17  Zergling x2  
  119  8:18  Extractor  
  119  8:19  Baneling  
  117  8:20  Drone x3  
  117  8:21  Zergling x2, Drone  
  117  8:22  Zergling x2  
  123  8:27  Baneling x4  
  123  8:28  Overseer  
  123  8:29  Baneling, Zergling x2, Zerg Flyer Weapons Level 1  
  123  8:30  Zergling x2  
  123  8:31  Baneling x3  
  123  8:32  Overseer  
  123  8:33  Drone x2  
  127  8:38  Spore Crawler, Zergling x4  
  127  8:40  Baneling x2  
  128  8:44  Zergling x2  
  128  8:46  Spore Crawler  
  128  8:48  Spore Crawler  
  127  8:51  Queen  
  127  8:53  Zergling x4  
  127  8:55  Zergling x2  
  131  8:57  Zergling x2  
  131  9:00  Zergling x16  
  140  9:03  Baneling x3  
  140  9:08  Zergling x2  
  140  9:09  Zergling x2  
  123  9:12  Zergling x2  
  123  9:13  Zergling x4  
  123  9:16  Zergling x14  
  132  9:17  Infestation Pit  
  132  9:18  Zergling x4  
  132  9:19  Drone  
  134  9:26  Zergling x2  
  134  9:28  Extractor  
  134  9:30  Drone  
  135  9:37  Zergling x4  
  137  9:39  Zergling x2  
  137  9:40  Zergling x2  
  137  9:41  Zergling x4  
  137  9:43  Zergling x12  
  137  9:45  Baneling x4  
  147  9:46  Baneling  
  147  9:50  Zergling x2  
  148  9:58  Zergling x2, Hatchery  
  148  9:59  Hive  
  128  10:00  Zergling x14  
  128  10:01  Zergling x2  
  128  10:02  Zergling x2  
  128  10:04  Zergling x2  
  136  10:07  Zergling x4  
  136  10:08  Zergling x4  
  136  10:09  Baneling x2  
  136  10:13  Zergling x4  
  136  10:14  Zergling x4  
  144  10:16  Zergling x2  
  144  10:20  Zergling x2  
  144  10:21  Zergling x4  
  148  10:26  Baneling x8  
  148  10:27  Baneling x6  
  146  10:32  Zergling x6  
  148  10:41  Zergling x14  
  151  10:44  Zergling x6  
  151  10:45  Zergling x12  
  151  10:48  Baneling x3  
  151  10:49  Baneling x7  
  160  10:55  Baneling  
  160  10:58  Baneling x6  
  160  10:59  Baneling  
  160  11:00  Baneling  
  160  11:01  Baneling x14  
  160  11:05  Zergling x4  
  160  11:07  Baneling  
  160  11:08  Zergling x10  
  160  11:10  Zergling x2  
  160  11:11  Zergling x2  
  169  11:16  Ultralisk Cavern  
  168  11:21  Zerg Ground Armor Level 3  
  168  11:27  Zerg Melee Weapons Level 3  
  167  11:34  Baneling  
  162  11:42  Baneling x5  
  153  11:54  Baneling  
  153  11:55  Baneling x10  
  150  12:02  Chitinous Plating  
  150  12:04  Overlord, Ultralisk x3  
  150  12:06  Overlord  
  168  12:11  Overlord x2  
  168  12:17  Overlord  
  168  12:21  Adrenal Glands  
  168  12:30  Ultralisk  
  168  12:32  Zergling x10  
  168  12:34  Drone x2  
  181  12:37  Extractor  
  180  12:49  Ultralisk  
  180  12:50  Zergling x2  
  182  12:51  Zergling x2  
  182  12:53  Zergling x4  
  182  12:56  Zergling x2  
  184  12:59  Ultralisk  
  184  13:00  Zergling x2  
  184  13:01  Zergling x2  
  184  13:02  Corruptor  
  184  13:03  Zergling x2  
  184  13:04  Zergling x2  
  184  13:05  Zergling x4  
  197  13:06  Zergling x2  
  197  13:07  Zergling x4  
  197  13:12  Zergling x4  
  200  13:13  Zergling x2  
  200  13:14  Zergling x2  
  200  13:15  Zergling x6  
  200  13:17  Zergling x2  
  200  13:18  Zergling x4  
  194  13:21  Ultralisk  
  194  13:27  Zergling x2  
  194  13:32  Zergling x2  
  172  13:34  Zergling x2  
  172  13:35  Zergling x6  
  172  13:37  Zergling x2  
  172  13:39  Ultralisk  
  153  13:41  Zergling x4  
  153  13:43  Zergling x2  
  153  13:47  Zergling x4  
  149  13:52  Zergling x2  
  149  13:53  Zergling x2  
  149  13:55  Infestor x2  
  139  13:56  Zergling x2  
  142  14:04  Zergling x2  
  142  14:05  Zergling x6  
  146  14:10  Baneling, Zergling x2  
  146  14:11  Baneling x9, Zergling x2  
  146  14:12  Zergling x2  
  146  14:15  Zergling x2, Hatchery  
  149  14:19  Zergling x2  
  149  14:20  Zergling x2  
  149  14:21  Zergling x2  
  152  14:26  Zergling x2  
  152  14:31  Zergling x4  
  155  14:33  Infestor  
  155  14:36  Zergling x2  
  155  14:37  Overseer x2  
  150  14:41  Zergling x4  
  150  14:43  Ultralisk  
  155  14:53  Zergling x4  
  155  14:54  Zergling x2  
  155  14:55  Zergling x2  
  155  14:59  Zergling x2  
  160  15:03  Zergling x4  
  160  15:06  Zergling x2  
  139  15:10  Zergling x2  
  139  15:13  Zergling x2  
  113  15:19  Ultralisk  
  107  15:22  Zergling x2  
  107  15:27  Ultralisk  
  107  15:28  Zergling x2  
  113  15:30  Zergling x2  
  113  15:32  Zergling x2  
  113  15:33  Zergling x2  
  113  15:35  Zergling x2  
  115  15:37  Zergling x2  
  115  15:38  Baneling  
  115  15:39  Zergling x2  
  115  15:42  Drone  
  118  15:43  Drone  
  118  15:46  Drone  
  118  15:49  Drone x2  
  122  15:53  Corruptor  
  129  16:04  Zergling x2  
  129  16:06  Zergling x2  
  129  16:07  Zergling x2  
Show
View Real Time Build Order
Export as new Build Order

Bunny Terran - Winner!

Build Orders: Liberator Opening, Reaper Expand, MMM Bio 

Get SALT Encoding   

  12  0:00  SCV  
  13  0:13  SCV  
  14  0:17  Supply Depot  
  14  0:25  SCV  
  15  0:39  SCV  
  15  0:41  Barracks  
  16  0:45  Refinery  
  16  0:51  SCV  
  17  1:03  SCV  
  18  1:15  SCV  
  19  1:27  Orbital Command  
  19  1:29  Reaper  
  20  1:39  Command Center  
  20  1:48  Supply Depot  
  20  1:53  SCV  
  21  2:00  Marine  
  22  2:05  SCV  
  22  2:06  Factory  
  23  2:12  Refinery  
  23  2:17  SCV  
  23  2:21  Barracks Reactor  
  24  2:29  SCV  
  25  2:42  SCV  
  26  2:51  Starport, Orbital Command  
  26  2:55  SCV  
  27  3:03  Hellion x2, Barracks Tech Lab  
  31  3:07  SCV  
  32  3:16  Supply Depot  
  32  3:17  SCV  
  32  3:19  SCV  
  34  3:24  Hellion x2  
  38  3:29  SCV  
  38  3:31  Viking, SCV  
  42  3:35  Stimpack  
  42  3:41  SCV  
  42  3:43  SCV  
  42  3:44  Supply Depot, Liberator  
  42  3:46  Hellion  
  46  3:50  Hellion  
  46  3:53  SCV  
  46  3:55  SCV  
  53  4:06  SCV  
  53  4:07  SCV  
  55  4:16  Command Center  
  55  4:19  SCV x2  
  55  4:22  Supply Depot  
  57  4:31  SCV x2  
  58  4:37  Barracks x2  
  58  4:42  Factory Reactor  
  58  4:43  Marine  
  58  4:44  SCV x2  
  61  4:47  Starport Reactor  
  61  4:54  Engineering Bay x2  
  61  4:56  SCV x2  
  63  5:01  Marine  
  63  5:05  Refinery  
  63  5:06  Refinery  
  64  5:18  Marine  
  65  5:23  Terran Infantry Armor Level 1, Terran Infantry Weapons Level 1  
  65  5:24  SCV x2  
  65  5:25  Barracks  
  65  5:26  Barracks  
  65  5:27  Marine x2  
  69  5:29  Factory Tech Lab  
  69  5:30  Orbital Command  
  69  5:33  Supply Depot  
  69  5:36  Marine  
  69  5:38  Marine x2  
  69  5:40  Medivac x2  
  76  5:43  SCV x2  
  76  5:45  Combat Shields  
  78  5:55  Marine x3, SCV x2  
  78  5:56  Marine  
  77  6:10  Medivac  
  77  6:11  Marine  
  68  6:13  Barracks Reactor, SCV x2  
  68  6:15  Orbital Command  
  68  6:17  Barracks Reactor  
  70  6:23  Marine x4  
  70  6:24  Supply Depot  
  70  6:25  SCV x2  
  76  6:36  Marine  
  76  6:37  Armory, SCV x2  
  79  6:40  SCV  
  79  6:41  Marine  
  79  6:42  Marine x2  
  79  6:43  Marine  
  84  6:49  SCV x2  
  84  6:53  SCV  
  84  6:54  Marine  
  88  6:55  Marine x4  
  88  6:59  Marine  
  89  7:01  SCV  
  89  7:02  SCV  
  89  7:05  SCV  
  89  7:07  Marine x3  
  93  7:11  Marine  
  93  7:12  Marine  
  93  7:13  SCV  
  93  7:14  SCV  
  97  7:17  Marine x3, SCV  
  97  7:22  Supply Depot x2  
  101  7:24  Marine  
  101  7:25  Marine x2  
  101  7:26  Supply Depot  
  101  7:29  Terran Infantry Weapons Level 2  
  104  7:34  SCV x3  
  107  7:38  Terran Infantry Armor Level 2  
  107  7:46  SCV x3  
  107  7:50  Marine x6  
  116  7:54  Marine x3  
  116  7:58  Supply Depot  
  119  8:03  Supply Depot, SCV x2  
  119  8:04  SCV  
  114  8:11  Marine x3  
  104  8:15  SCV x2  
  104  8:16  SCV  
  104  8:17  Missile Turret  
  104  8:18  Missile Turret  
  104  8:20  Missile Turret  
  104  8:23  Thor  
  104  8:25  Marine x2  
  112  8:28  Marine x3  
  112  8:29  Marine  
  112  8:32  Supply Depot  
  116  8:39  Marauder, Marine  
  116  8:40  Marine  
  120  8:43  Marine x2  
  120  8:46  Medivac x2, Marine x3  
  129  8:58  Barracks  
  129  8:59  Refinery, Barracks  
  129  9:00  Marauder, Marine x3, Barracks  
  134  9:03  Marine, Concussive Shells  
  134  9:04  Marine x3  
  136  9:13  Thor  
  136  9:16  Medivac x2  
  144  9:21  Marauder  
  144  9:23  Supply Depot  
  146  9:24  Sensor Tower, Supply Depot  
  146  9:28  Marine  
  146  9:29  Marine x6  
  153  9:39  Command Center  
  153  9:45  Barracks Tech Lab, Marauder  
  155  9:47  Barracks Tech Lab  
  155  9:48  Barracks Reactor  
  155  9:49  Terran Infantry Weapons Level 3  
  155  9:57  Marine x6  
  155  9:58  Marine  
  156  10:05  Medivac x2  
  160  10:08  Marauder x2, Marine x2  
  166  10:14  Marine  
  166  10:16  Marine x4  
  170  10:27  Marauder  
  172  10:29  Marauder  
  176  10:35  Marauder  
  176  10:36  Marine x6  
  176  10:39  Marine  
  176  10:40  Siege Tank  
  180  10:44  Marine x3  
  180  10:46  Medivac, Liberator  
  180  10:47  Supply Depot  
  180  10:48  Marauder  
  187  10:50  Marauder, Terran Infantry Armor Level 3  
  187  10:54  Marine x3  
  194  10:57  Marauder  
  197  11:04  Terran Ship Weapons Level 1  
  197  11:08  Missile Turret  
  197  11:09  Marauder  
  199  11:22  Planetary Fortress  
  199  11:25  Missile Turret x2  
  198  11:47  Marauder  
  200  12:03  Missile Turret  
  200  12:05  Sensor Tower  
  200  12:08  Starport  
  200  12:09  Ghost Academy  
  200  12:16  Liberator x2  
  200  12:24  Sensor Tower  
  197  12:50  Marauder  
  197  12:51  Marine  
  200  12:53  Refinery  
  200  12:56  Refinery, Command Center  
  200  12:58  Starport Reactor, Personal Cloaking  
  194  13:05  Liberator x2  
  194  13:15  Ghost x3  
  194  13:17  Command Center  
  194  13:18  Liberator x2  
  172  13:40  Marine  
  172  13:41  Marine x8  
  153  13:42  Marine  
  153  13:43  Ghost x3  
  153  13:48  Liberator x2  
  156  13:58  Marine x4  
  156  13:59  Marine x5  
  156  14:01  Liberator  
  165  14:06  Liberator  
  165  14:08  Marine  
  165  14:09  Refinery  
  172  14:10  Orbital Command  
  172  14:12  Ghost, Marine  
  172  14:13  Marauder  
  172  14:16  Marine x6  
  189  14:30  Liberator  
  189  14:31  Liberator  
  189  14:42  Refinery  
  189  14:47  Refinery  
  195  14:53  Ghost x2  
  195  14:56  Marine  
  195  14:58  Marine x3  
  193  15:09  Ghost  
  193  15:10  Marine  
  163  15:18  Marine x2  
  163  15:19  Liberator, Marine  
  163  15:20  Liberator, Marine  
  143  15:22  Ghost  
  143  15:23  Marine x6  
  141  15:28  Marine  
  120  15:36  Marine x3  
  120  15:38  Medivac x2, Marauder  
  120  15:40  Planetary Fortress  
  120  15:41  Marauder, Marine  
  120  15:42  Marine x5  
  141  15:46  Marine  
  142  15:51  Marauder  
  142  15:54  Marine x3  
  146  15:59  Marine x3  
  146  16:00  Marine x3, Marauder  
  146  16:03  Marauder  
  153  16:04  Marine  
Tags
 
Add a new tag
Caveats
  • Supply blocks, unpowered buildings, or Contaminate may cause inaccurate times.
  • Supply counts are checked every 10 seconds.